 Dungeon Crawl Stone Soup version 0.19-a0-459-gb8ed64d (webtiles) character file.

111 Goblin1989 the Poker (level 4, -8/33 HPs)
             Began as a Merfolk Skald on June 2, 2016.
             Killed by divine providence
             ... invoked by an orc priest
              (13 damage)
             ... on level 4 of the Dungeon.
             The game lasted 00:04:58 (2780 turns).

Goblin1989 the Poker (Merfolk Skald)                Turns: 2780, Time: 00:04:58

Health: -8/33      AC:  6    Str: 13    XL:     4   Next: 92%
Magic:  0/7        EV: 10    Int: 11    God:
Gold:   138        SH:  0    Dex: 13    Spells: 3 memorised, 1 level left

rFire  . . .     SeeInvis .     a - +0 spear
rCold  . . .     Gourm    .     i - +0 ring mail
rNeg   . . .     Faith    .     (no shield)
rPois  .         Spirit   .     (no helmet)
rElec  .         Dismiss  .     (no cloak)
rCorr  .         Reflect  .     (no gloves)
SustAt .         Harm     .     t - +0 pair of boots
MR     .....                    (no amulet)
Stlth  +.........               (no ring)
                                (no ring)

@: not resistant to hostile enchantments, very unstealthy
A: change form in water, swift swim
a: no special abilities


You were on level 4 of the Dungeon.
You were not hungry.

You visited 1 branch of the dungeon, and saw 4 of its levels.

You collected 138 gold pieces.

Inventory:

Hand Weapons
 a - a +0 spear (weapon)
Armour
 g - a +0 scale mail
 i - a +0 ring mail (worn)
 t - a +0 pair of boots (worn)
Scrolls
 b - a scroll of enchant weapon {unknown}
 e - 2 scrolls of fog {unknown}
 j - 5 scrolls of teleportation {unknown}
 n - 2 scrolls of identify {unknown}
 o - a scroll of random uselessness {unknown}
 p - a scroll of enchant armour {unknown}
 q - a scroll of noise {unknown}
 r - a scroll of fear {unknown}
 s - a scroll of remove curse {unknown}
Potions
 f - 2 potions of curing {unknown}
 k - 2 potions of might {unknown}
 l - a potion of cure mutation {unknown}
 m - a potion of heal wounds {unknown}
Books
 c - a book of Battle

   Spells                             Type                      Level
   a - Infusion                       Charms                       1
   b - Shroud of Golubria             Charms/Translocation         2
   c - Song of Slaying                Charms                       2
   d - Spectral Weapon                Hexes/Charms                 3
   e - Regeneration                   Charms/Necromancy            3
Comestibles
 d - 4 bread rations
 h - a beef jerky
 u - a meat ration


   Skills:
 - Level 2.1 Fighting
 * Level 7.2 Polearms
 - Level 0.6 Armour
 - Level 1.3 Dodging
 - Level 2.0 Spellcasting
 - Level 3.2 Charms


You had one spell level left.
You knew the following spells:

 Your Spells              Type           Power        Failure   Level  Hunger
a - Infusion              Chrm           #...         17%         1    ##.....
b - Song of Slaying       Chrm           #.......     28%         2    ###....
c - Regeneration          Chrm/Necr      #.........   88%         3    ####...


Dungeon Overview and Level Annotations

Branches:
Dungeon (4/15)
 Temple: D:4-7

Altars:
Fedhas
Makhleb
Qazlal
Yredelemnul


Message History

The orc priest casts a cantrip, but nothing happens.
You hit the orc priest.
The orc priest invokes the aid of Beogh against you.
Beogh smites you!
* * * LOW HITPOINT WARNING * * *
You take 11 damage, and have 5/33 hp.
MASSIVE DAMAGE!!
You hit the orc priest.
You now have 0/7 mp.
You hit the orc priest but do no damage.
The orc priest closely misses you.
You hit the orc priest but do no damage.
The orc priest barely misses you.
You hit the orc priest but do no damage.
You are no longer magically infusing your attacks.
You barely miss the orc priest. The orc priest barely misses you.
You hit the orc priest but do no damage.
You barely miss the orc priest.
The orc priest calls down the wrath of Beogh upon you.
Beogh smites you!
You die...

#########
#..<....######
###.##....<..#
#.##.......#
#.##<......#
#.###.#######.
#...).@o>o....
#####.########
#.. ###


You could see an orc priest and an orc.

Vanquished Creatures
  An orc wizard (D:4)
  3 adders
  2 worms
  A dart slug (D:2)
  A giant gecko (D:3)
  An orc (D:4)
  A ball python (D:1)
  6 bats
  4 giant cockroaches
  5 goblins
  5 hobgoblins
  A quokka (D:3)
  5 giant newts
  5 kobolds
  5 rats
46 creatures vanquished.

Notes
Turn   | Place    | Note
--------------------------------------------------------------
     0 | D:1      | Goblin1989 the Merfolk Skald began the quest for the Orb.
     0 | D:1      | Reached XP level 1. HP: 16/16 MP: 3/3
   107 | D:1      | Reached skill level 4 in Polearms
   107 | D:1      | Reached XP level 2. HP: 18/22 MP: 5/5
   523 | D:1      | Reached XP level 3. HP: 17/27 MP: 6/6
   565 | D:1      | Reached skill level 5 in Polearms
  1338 | D:2      | Reached skill level 6 in Polearms
  1530 | D:2      | Reached XP level 4. HP: 33/33 MP: 7/7
  1534 | D:2      | Found a basalt altar of Yredelemnul.
  1738 | D:3      | Learned a level 2 spell: Song of Slaying
  1742 | D:3      | Learned a level 3 spell: Regeneration
  2010 | D:3      | Found a blossoming altar of Fedhas.
  2212 | D:3      | Found a burning altar of Makhleb.
  2250 | D:3      | Found a blossoming altar of Fedhas.
  2346 | D:3      | Found a stormy altar of Qazlal.
  2767 | D:4      | Reached skill level 7 in Polearms
  2780 | D:4      | Killed from afar by an orc priest

Vault maps used:
D:1:      tarquinn_simple_flora_water_e, serial_glass, glass_columns_c,
          glass_columns_b, glass_columns_a, glass_columns_b, glass_columns_a,
          glass_columns_a, glass_columns_c, glass_columns_b,
          minmay_misc_feat_chi
D:2:      yredelemnul_altar_generic
D:3:      grunt_temple_overflow_forces_of_nature,
          nicolae_overflow_crystal_walls, first_bread, fedhas_altar_2
D:4:      serial_shops, shop_statue

Skill      XL: |  1  2  3  4 |
---------------+-------------+-----
Polearms       | 4 6 7 |  7.2
Fighting       | |  2.1
Armour         | |  0.6
Dodging        | |  1.3
Spellcasting   | |  2.0
Charms         | |  3.2

Action                   |  1- 3 |  4- 6 || total
-------------------------+-------+-------++-------
Melee: Spear             |   124 |    74 ||   198
 Cast: Infusion          |       |     1 ||     1
  Eat: Chunk             |     1 |     2 ||     3
       Meat ration       |       |     1 ||     1
Armor: Chain mail        |     2 |       ||     2
       Scale mail        |    24 |       ||    24
       Ring mail         |    10 |     9 ||    19
Dodge: Dodged            |    38 |    25 ||    63
